 Dungeon Crawl Stone Soup version 0.29-a0-40-g8eb35efe60 (webtiles) character file.

Game seed: 704477934152112155

20714 lorenzova the Thaumaturge (level 12, -3/59 HPs)
             Began as a Deep Elf Conjurer on Feb 1, 2022.
             Was an Elder of Vehumet.
             Slain by a five-headed hydra (14 damage)
             ... on level 1 of the Lair of Beasts.
             The game lasted 00:48:32 (20081 turns).

lorenzova the Thaumaturge (Deep Elf Conjurer)      Turns: 20081, Time: 00:48:33

Health: -3/59      AC:  4    Str:  4    XL:     12   Next: 47%
Magic:  30/32      EV: 16    Int: 29    God:    Vehumet [****..]
Gold:   504        SH:  0    Dex: 13    Spells: 14/40 levels left

rFire   + . .      SeeInvis +   n - staff of conjuration
rCold   + . .      Faith    .   (no shield)
rNeg    . . .      Spirit   .   L - +1 robe {rC+ rF+}
rPois   .          Reflect  .   (no helmet)
rElec   .          Harm     .   (no cloak)
rCorr   .          Rampage  .   (no gloves)
Will    +....                   m - +0 pair of boots
Stlth   ++........              z - amulet of the acrobat
HPRegen 0.19/turn               K - ring of see invisible
MPRegen 0.23/turn               q - +4 ring of evasion

@: no status effects
A: no striking features
a: Renounce Religion


You were on level 1 of the Lair of Beasts.
You worshipped Vehumet.
Vehumet was greatly pleased with you.
You visited 3 branches of the dungeon, and saw 15 of its levels.

You collected 811 gold pieces.
You spent 307 gold pieces at shops.

Inventory:

Hand Weapons
 l - a +1 short sword of freezing
 V - the +6 rapier of Revolt {speed, rF+ Str+4 Int+4}
   (You found it on level 11 of the Dungeon)

   Attacks with this weapon are significantly faster.
   Str:       It affects your strength (+4).
   Int:       It affects your intelligence (+4).
   rF:        It protects you from fire.
Armour
 m - a +0 pair of boots (worn)
 y - the +3 leather armour "Zellit" {Slay+2}
   (You found it on level 12 of the Dungeon)

   Slay:      It affects your accuracy & damage with ranged weapons and melee
   (+2).
 G - the +1 ring mail "Nofoetimo" {Will+ Str+3 Dex+4}
   (You found it on level 8 of the Dungeon)

   Str:       It affects your strength (+3).
   Dex:       It affects your dexterity (+4).
   Will:      It increases your willpower.
 L - a +1 robe of resistance (worn)
 N - +0 steam dragon scales
 T - an orb of guile
Magical Staves
 e - a staff of air
 n - a staff of conjuration (weapon)
 X - a staff of cold
Jewellery
 o - a +6 ring of dexterity
 q - a +4 ring of evasion (right hand)
 t - a +6 ring of strength
 z - an amulet of the acrobat (around neck)
 A - a +6 ring of intelligence
 D - an amulet of guardian spirit
 H - an amulet of magic regeneration
 K - a ring of see invisible (left hand)
 P - a ring of protection from fire
 Q - a +6 ring of dexterity
 R - a +6 ring of strength
 U - an amulet of faith
Wands
 s - a wand of polymorph (10)
 w - a wand of iceblast (20)
 x - a wand of acid (17)
 F - a wand of charming (7)
 M - a wand of flame (6)
Scrolls
 a - a scroll of identify
 c - 3 scrolls of magic mapping
 d - a scroll of enchant weapon
 g - a scroll of immolation
 h - 3 scrolls of enchant armour
 k - 3 scrolls of vulnerability
 u - a scroll of holy word {unknown}
 B - 2 scrolls of teleportation {unknown}
 J - 3 scrolls of amnesia
 O - 2 scrolls of torment
Potions
 b - a potion of brilliance
 f - 6 potions of heal wounds
 i - 2 potions of flight
 j - 12 potions of curing
 p - 5 potions of might
 r - 5 potions of mutation
 v - 2 potions of invisibility
 C - a potion of lignification
 E - a potion of haste
 I - a potion of ambrosia
 S - a potion of degeneration {unknown}
 W - a potion of resistance {unknown}


   Skills:
 - Level 2.4 Dodging
 - Level 2.4 Stealth
 * Level 14.9 Spellcasting
 * Level 13.5 Conjurations
 + Level 8.2 Hexes
 - Level 6.0 Translocations
 * Level 8.8 Fire Magic
 - Level 6.2 Air Magic
 + Level 0.0 Earth Magic


You had 14 spell levels left.
You knew the following spells:

 Your Spells              Type           Power      Damage    Failure   Level
a - Magic Dart            Conj           100%       1d8       0%          1
b - Searing Ray           Conj           100%       2d8       0%          2
c - Iskenderun's Mystic   Conj/Tloc      87%        2d17      1%          4
d - Fulminant Prism       Conj/Hex       45%        3d21      1%          4
e - Scorch                Fire           100%       2d10      1%          2
f - Foxfire               Conj/Fire      100%       2x1d9     0%          1
g - Iron Shot             Conj/Erth      37%        9d7       6%          6
p - Blink                 Tloc           100%       N/A       1%          2
s - Sticky Flame          Conj/Fire      92%        2d10      1%          4

Your spell library contained the following spells:

 Spells                   Type           Power      Damage    Failure   Level
 Freeze                   Ice            84%        1d10      1%          1
 Sandblast                Erth           42%        2d11      1%          1
 Corpse Rot               Necr/Air       78%        N/A       1%          2
 Poisonous Vapours        Pois/Air       78%        N/A       1%          2
 Dazzling Flash           Conj/Hex       100%       N/A       1%          3
 Frozen Ramparts          Ice            42%        1d6       1%          3
 Lesser Beckoning         Tloc           54%        N/A       1%          3
 Stone Arrow              Conj/Erth      100%       3d13      1%          3
 Summon Guardian Golem    Hex/Summ       45%        N/A       1%          3
 Cause Fear               Hex            31%        N/A       1%          4
 Hailstorm                Conj/Ice       74%        3d15      1%          4
 Irradiate                Conj/Tmut      37%        3d26      1%          5
 Starburst                Conj/Fire      46%        6d13      1%          6
 Summon Small Mammal      Summ           84%        N/A       2%          1
 Passwall                 Tmut/Erth      17%        N/A       3%          2
 Sublimation of Blood     Necr           21%        N/A       3%          2
 Wereblood                Tmut           21%        N/A       3%          2
 Manifold Assault         Tloc           54%        N/A       5%          5
 Call Canine Familiar     Summ           21%        N/A       7%          3
 Petrify                  Tmut/Erth      21%        N/A       22%         4
 Blade Hands              Tmut           10%        N/A       54%         5
 Dragon Form              Tmut           10%        N/A       100%        7
 Summon Hydra             Summ           10%        N/A       100%        7
 Dragon's Call            Summ           10%        N/A       100%        9


Dungeon Overview and Level Annotations

Branches:
Dungeon (13/15)            Temple (1/1) D:6            Lair (1/6) D:8
    Orc (0/2) D:10
 Vaults: D:13-14

Altars:
Ashenzari
Cheibriados
Dithmenos
Elyvilon
Kikubaaqudgha
Makhleb
Nemelex Xobeh
Okawaru
Ru
Sif Muna
Uskayaw
Vehumet
Xom
Yredelemnul
The Shining One

Shops:
D:2 ([   D:7 *   D:8 ?   D:9 *   D:10 (

Annotations:
D:3 exclusion: downstairs
D:5 exclusion: downstairs
D:11 2 runed translucent doors


Message History

(D) Dungeon (T) Temple (L) Lair (O) Orcish Mines
Where to? (Enter - D:13, ? - help)
What level of the Lair of Beasts? (default 1, ? - help)
There is an open door, spattered with blood here.
There is an open door here.
There is a stone staircase leading up here.
You climb upwards.
Level annotation: 2 runed translucent doors
There is a stone staircase leading down here.
There is an escape hatch in the ceiling, spattered with blood here.
There is a stone staircase leading up here.
You climb upwards.
There is a stone staircase leading down here.
There is a stone staircase leading up here.
You climb upwards.
There is a stone staircase leading down here.
Items here: )) [[.
There is a stone staircase leading up here.
You climb upwards.
There is a stone staircase leading down here.
There is an open door here.
You see here a +0 falchion.
There is a staircase to the Lair here.
You climb downwards.
Welcome back to the Lair of Beasts!
The water moccasin misses you. The five-headed hydra bites you!
The five-headed hydra misses you.
The five-headed hydra closely misses you.
The five-headed hydra bites you. The five-headed hydra bites you!
The water moccasin bites you but does no damage.
The five-headed hydra bites you!
The five-headed hydra barely misses you.
The five-headed hydra bites you!
* * * LOW HITPOINT WARNING * * *
The five-headed hydra misses you.
The five-headed hydra bites you but does no damage.
There is a staircase back to the Dungeon, spattered with blood here.
Casting: Searing Ray (safe; 0% risk of failure)
Confirm with . or Enter, or press ? or * to list all spells.
You blink.
The wolf barely misses you. The five-headed hydra bites you!
You die...

........###)...........
........................
.........................
..........................
...........................
...........................
..#........................
.###.#.........Y.........#
.# ###........÷h@........#
## ##...##.YSD........# #
#...####§.........###
##...# ###..........# #
##..### ###........#
#####..## #..........
##.#...# ### #P.........
......####.# #P.........
......###.## ##.........


You could see a five-headed hydra, 2 yaks, a water moccasin and a wolf.

Vanquished Creatures
  A boulder beetle (D:12)
  2 hydras (D:11)
  2 two-headed ogres
  A deep elf pyromancer (D:11)
  2 ugly things (D:12)
  A manticore (D:13)
  3 cyclopes (D:11)
  2 gargoyles
  2 kobold demonologists
  A rime drake (Lair:1)
  5 trolls
  3 meliai (D:13)
  Prince Ribbit (D:7)
  4 slime creatures
  A meliai zombie (D:11)
  A shadow (D:11)
  Grum (Lair:1)
  21 yaks
  A basilisk (D:11)
  3 steam dragons (D:7)
  3 water moccasins
  An ice beast (D:7)
  5 orc warriors
  2 black bears
  2 necrophages
  5 ogres
  3 wolves (Lair:1)
  6 centaurs
  3 phantoms
  4 kobold brigands
  5 bullfrogs
  4 gnoll sergeants
  5 scorpions
  2 wyvern zombies (D:7)
  18 killer bees
  14 wights
  6 howler monkeys
  2 bullfrog zombies
  5 centaur zombies
  4 jellies
  6 hounds
  3 orc priests
  A centaur skeleton (D:7)
  Terence (D:2)
  Natasha (twice) (D:3)
  4 iguanas
  14 orc wizards
  A killer bee zombie (D:9)
  A hound zombie (D:5)
  A howler monkey zombie (D:9)
  A howler monkey skeleton (D:10)
  7 adders
  20 gnolls
  2 white imps
  2 ufetubi
  An adder skeleton (D:4)
  6 worms
  A dart slug (D:1)
  40 orcs
  4 bats
  9 endoplasms
  4 giant cockroaches
  2 goblins
  10 hobgoblins
  4 jackals (D:2)
  14 kobolds
  3 quokkas
  3 ball pythons
  A frilled lizard (D:1)
  9 rats
334 creatures vanquished.

Vanquished Creatures (others)
  73 fulminant prisms
  13 fungi
  13 plants
99 creatures vanquished.

Grand Total: 433 creatures vanquished

Notes
Turn   | Place    | Note
-------+----------+-------------------------------------------
     0 | D:1      | lorenzova the Deep Elf Conjurer began the quest for the
                  | Orb.
     0 | D:1      | Reached XP level 1. HP: 10/10 MP: 6/6
   346 | D:1      | Reached XP level 2. HP: 15/15 MP: 6/8
   349 | D:1      | Learned a level 2 spell: Searing Ray
   373 | D:1      | Reached skill level 5 in Conjurations
  1091 | D:1      | Found a faded altar of an unknown god.
  1120 | D:1      | Reached XP level 3. HP: 19/19 MP: 6/9
  1214 | D:1      | Identified the +1 hunting sling of Integrity {freeze, rN++}
  1406 | D:2      | Noticed Terence
  1618 | D:2      | Found Hirogycu's Weapon Shop.
  2082 | D:2      | Killed Terence
  2083 | D:2      | Reached XP level 4. HP: 24/24 MP: 2/11
  2215 | D:2      | Found Ujai's Armour Emporium.
  2893 | D:2      | Reached skill level 4 in Spellcasting
  3238 | D:3      | Reached XP level 5. HP: 25/28 MP: 4/13
  3998 | D:3      | Noticed Natasha
  4004 | D:3      | Killed Natasha
  4744 | D:3      | Noticed an ogre
  4751 | D:3      | Killed an ogre
  4752 | D:3      | Reached skill level 5 in Spellcasting
  4752 | D:3      | Reached XP level 6. HP: 32/32 MP: 8/16
  5047 | D:3      | Noticed Natasha
  5049 | D:3      | Killed Natasha
  5302 | D:3      | Reached skill level 6 in Spellcasting
  5785 | D:4      | Reached XP level 7. HP: 36/36 MP: 8/19
  6016 | D:4      | Reached skill level 7 in Spellcasting
  6681 | D:5      | Entered Level 5 of the Dungeon
  6700 | D:5      | Reached skill level 8 in Spellcasting
  7050 | D:5      | Reached XP level 8. HP: 41/41 MP: 14/22
  7074 | D:4      | Reached skill level 9 in Spellcasting
  7832 | D:5      | Learned a level 4 spell: Iskenderun's Mystic Blast
  7837 | D:5      | Learned a level 4 spell: Fulminant Prism
  7840 | D:5      | Learned a level 2 spell: Blink
  8442 | D:6      | Reached skill level 1 in Hexes
  8491 | D:6      | Reached skill level 1 in Translocations
  8491 | D:6      | Reached skill level 1 in Air Magic
  8621 | D:6      | Reached skill level 10 in Spellcasting
  9074 | D:6      | Found a staircase to the Ecumenical Temple.
  9120 | D:6      | Found a sacrificial altar of Ru.
  9139 | Temple   | Entered the Ecumenical Temple
  9236 | Temple   | Became a worshipper of Vehumet
  9690 | D:7      | Reached skill level 10 in Conjurations
  9690 | D:7      | Reached XP level 9. HP: 34/45 MP: 15/25
  9830 | D:7      | Found Bilokk's Assorted Antiques.
 10404 | D:7      | Noticed Prince Ribbit
 10409 | D:7      | Killed Prince Ribbit
 10466 | D:7      | You fall into a shaft and drop 2 floors!
 10748 | D:7      | Reached * piety under Vehumet
 10748 | D:7      | Offered knowledge of Foxfire by Vehumet.
 10751 | D:7      | Learned a level 1 spell: Foxfire
 10901 | D:7      | Noticed a gargoyle
 10959 | D:8      | Found Fock's Magic Scroll Shoppe.
 10968 | D:8      | Bought a scroll of identify for 30 gold pieces
 10968 | D:8      | Bought a scroll of identify for 30 gold pieces
 10968 | D:8      | Bought a scroll of identify for 30 gold pieces
 11019 | D:8      | Identified the +1 ring mail "Nofoetimo" {Will+ Str+3 Dex+4}
 11027 | D:8      | Reached skill level 11 in Spellcasting
 11292 | D:8      | Reached skill level 1 in Fire Magic
 11530 | D:8      | Found a staircase to the Lair.
 12486 | D:9      | Found Ivvadeuh's Assorted Antiques.
 12515 | D:9      | Bought a potion of heal wounds for 155 gold pieces
 12515 | D:9      | Bought a scroll of identify for 62 gold pieces
 12571 | D:9      | Reached XP level 10. HP: 50/50 MP: 20/27
 12711 | D:9      | Reached ** piety under Vehumet
 12714 | D:9      | Offered knowledge of Scorch by Vehumet.
 13142 | D:10     | Entered Level 10 of the Dungeon
 13441 | D:7      | Reached skill level 12 in Spellcasting
 13441 | D:7      | Reached skill level 5 in Hexes
 13804 | D:7      | Killed a gargoyle
 14003 | D:7      | Learned a level 2 spell: Scorch
 14353 | D:10     | Found a staircase to the Orcish Mines.
 14589 | D:10     | Reached skill level 5 in Fire Magic
 14661 | D:10     | Noticed a two-headed ogre
 14863 | D:10     | Offered knowledge of Static Discharge by Vehumet.
 14893 | D:10     | Reached skill level 5 in Translocations
 14920 | D:10     | Found Tosmeziocw's Antique Weapon Shoppe.
 15065 | D:10     | Killed a two-headed ogre
 15065 | D:10     | Reached *** piety under Vehumet
 15066 | D:10     | Reached XP level 11. HP: 54/54 MP: 18/29
 15439 | D:10     | Reached skill level 13 in Spellcasting
 15451 | D:10     | Offered knowledge of Inner Flame by Vehumet.
 15973 | Lair:1   | Entered Level 1 of the Lair of Beasts
 16211 | Lair:1   | Noticed a five-headed hydra
 16223 | Lair:1   | Noticed Grum
 16230 | Lair:1   | Killed Grum
 16231 | Lair:1   | Reached skill level 5 in Air Magic
 16626 | D:11     | Found a large runed translucent door.
 16626 | D:11     | Found a large runed translucent door.
 16708 | D:11     | Noticed an eight-headed hydra
 16717 | D:11     | Killed an eight-headed hydra
 16766 | D:11     | Found a large runed translucent door.
 16766 | D:11     | Found a large runed translucent door.
 16776 | D:11     | Reached **** piety under Vehumet
 16849 | D:11     | Got the Incunabulum of Combat Magic
 16895 | D:11     | Noticed a four-headed hydra
 16912 | D:11     | Killed a four-headed hydra
 16913 | D:11     | Reached skill level 14 in Spellcasting
 16971 | D:11     | Noticed a deep elf pyromancer
 17129 | D:11     | Killed a deep elf pyromancer
 17614 | D:11     | Reached XP level 12. HP: 59/59 MP: 23/32
 17681 | D:11     | Identified the +6 rapier of Revolt {speed, rF+ Str+4 Int+4}
 18078 | D:12     | Noticed a boulder beetle
 18103 | D:12     | Killed a boulder beetle
 18304 | D:12     | Offered knowledge of Sticky Flame by Vehumet.
 18610 | D:12     | Identified the +3 leather armour "Zellit" {Slay+2}
 19418 | D:12     | Learned a level 4 spell: Sticky Flame
 19550 | D:13     | Noticed a two-headed ogre
 19569 | D:13     | Killed a two-headed ogre
 19919 | D:13     | Noticed a centaur warrior
 19973 | D:12     | Learned a level 6 spell: Iron Shot
 20081 | Lair:1   | Slain by a five-headed hydra

Illustrated notes

Levels and vault maps discovered:
D:1:      dpeg_arrival_refuge, layout_basic, hellmonk_ecumenical_altar_lost_god
D:2:      layout_loops_ring, serial_shops, nicolae_shop_window_shopping, shop,
          uniq_terence
D:3:      layout_loops_ring, uniq_natasha
D:4:      layout_cave_pools
D:5:      layout_cave_pools, chequers_arboretum
D:6:      layout_rooms, kennysheep_mini_moat, minmay_temple_entry_tees,
          serial_corexii_hall, corexii_hall_statues_i,
          chequers_hall_statues_corner_a, chequers_mini_garden
D:7:      layout_loops_cross, serial_shops, shop, nzn_random_ring,
          uniq_prince_ribbit1
D:8:      layout_basic, grunt_lair_entry_orc_guard_hut, serial_shops, shop,
          minivault_11
D:9:      layout_small_grid, serial_shops, shop
D:10:     layout_loops_cross, kennysheep_orc_monster_closet_entryway,
          serial_shops, shop
D:11:     layout_big_octagon, minmay_hollow_rounded_squares
D:12:     layout_grid_maze, nicolae_concentric_dashed_squares_wild
D:13:     layout_irregular_city
Temple:   mainiacjoe_temple_archimedes_tessellation
Lair:1:   layout_cave_shapes, lemuel_fruit_fields, uniq_grum

Skill      XL: |  1  2  3  4  5  6  7  8  9 10 11 12 |
---------------+-------------------------------------+-----
Conjurations   | 5 6 7 8 10 11 12 13 | 13.5
Spellcasting   | 4 5 6 8 10 11 12 14 | 14.9
Hexes          | 2 4 6 7 8 |  8.2
Translocations | 2 3 5 6 |  6.0
Air Magic      | 2 3 4 5 6 |  6.2
Fire Magic     | 3 5 7 8 |  8.8
Dodging        | |  2.4
Stealth        | |  2.4

Action                   |  1- 3 |  4- 6 |  7- 9 | 10-12 || total
-------------------------+-------+-------+-------+-------++-------
Melee: Short sword       |       |       |     1 |       ||     1
 Cast: Magic Dart        |    70 |   100 |   197 |    97 ||   464
       Searing Ray       |     5 |    16 |    64 |    80 ||   165
       Fulminant Prism   |       |       |    12 |    61 ||    73
       Iskenderun's Myst |       |       |       |    57 ||    57
       Blink             |       |       |       |     1 ||     1
       Sticky Flame      |       |       |       |     1 ||     1
  Use: Scroll            |       |       |    13 |     9 ||    22
       Potion            |       |       |       |     1 ||     1
Armor: Robe              |     1 |     3 |    11 |     9 ||    24
Dodge: Dodged            |     3 |    20 |    81 |    63 ||   167

Table legend: (Time is in decaauts)
 A = Elapsed time spent in this place.
 B = Non-inter-level travel time spent in this place.
 C = Inter-level travel time spent in this place.
 D = Time resting spent in this place.
 E = Time spent auto-exploring this place.
 F = Levels seen in this place.
 G = Mean time per level.
                   A        B        C        D        E       F      G
               +--------+--------+--------+--------+--------+-----+--------+
         Total |  20105 |  18905 |   1200 |   9024 |   7056 |  15 | 1340.3 |
       Dungeon |  19652 |  18541 |   1111 |   9015 |   6855 |  13 | 1511.7 |
        Temple |    172 |     85 |     87 |      0 |     71 |   1 |  172.0 |
          Lair |    280 |    280 |      0 |      9 |    130 |   1 |  280.0 |
               +--------+--------+--------+--------+--------+-----+--------+

Top non-repeatable levels by time:
     D:3: 2543 daAuts
    D:10: 2043 daAuts
    D:12: 1833 daAuts
     D:7: 1781 daAuts
     D:2: 1681 daAuts
     D:8: 1553 daAuts
     D:4: 1408 daAuts
     D:1: 1354 daAuts
     D:9: 1299 daAuts
     D:5: 1240 daAuts
     D:6: 1235 daAuts
    D:11: 1222 daAuts
    D:13: 454 daAuts
  Lair:1: 280 daAuts
  Temple: 172 daAuts
